 Dungeon Crawl Stone Soup version 0.28-a0-1236-gb25a51b929 (webtiles) character file.

Game seed: 16537981415149520619

91 Armakuni the Conjurer (level 4, -9/30 HPs)
             Began as a Human Conjurer on Dec 25, 2021.
             Mangled by Sigmund (10 damage)
             ... on level 2 of the Dungeon.
             The game lasted 00:07:01 (3227 turns).

Armakuni the Conjurer (Human Conjurer)              Turns: 3227, Time: 00:07:01

Health: -9/30      AC:  3    Str:  9    XL:     4   Next: 88%
Magic:  6/7        EV: 12    Int: 18    God:
Gold:   1156       SH:  0    Dex: 12    Spells: 4/7 levels left

rFire   . . .      SeeInvis .   b - +0 rapier
rCold   . . .      Faith    .   (no shield)
rNeg    . . .      Spirit   .   j - +0 animal skin
rPois   .          Reflect  .   h - +0 helmet
rElec   .          Harm     .   (no cloak)
rCorr   .          Rampage  .   (no gloves)
Will    .....                   (no boots)
Stlth   ++........              (no amulet)
HPRegen 0.10/turn               (no ring)
MPRegen 0.10/turn               (no ring)

@: on berserk cooldown, slowed, very slow
A: no striking features
a: no special abilities


You were on level 2 of the Dungeon.
You visited 1 branch of the dungeon, and saw 3 of its levels.

You collected 1156 gold pieces.

Inventory:

Hand Weapons
 b - a +0 rapier (weapon)
Armour
 d - a +0 scale mail
 g - a +0 ring mail
 h - a +0 helmet (worn)
 j - a +0 animal skin (worn)
Magical Staves
 a - a staff of earth
Wands
 i - a wand of flame (8)


   Skills:
 - Level 2.0 Dodging
 - Level 2.0 Stealth
 - Level 2.0 Spellcasting
 + Level 5.9 Conjurations


You had 4 spell levels left.
You knew the following spells:

 Your Spells              Type           Power      Damage    Failure   Level
a - Magic Dart            Conj           92%        1d7       1%          1
z - Searing Ray           Conj           46%        2d6       2%          2

Your spell library contained the following spells:

 Spells                   Type           Power      Damage    Failure   Level
 Dazzling Flash           Conj/Hex       24%        N/A       16%         3
 Slow                     Hex            4%         N/A       19%         1
 Confusing Touch          Hex            1%         N/A       47%         3
 Vampiric Draining        Necr           1%         2d6       47%         3
 Fulminant Prism          Conj/Hex       6%         3d7       47%         4
 Iskenderun's Mystic Bla  Conj/Tloc      12%        2d5       47%         4


Dungeon Overview and Level Annotations

Branches:
Dungeon (3/15)

Altars:

Annotations:
D:1 Terence
D:2 Sigmund
D:3 Grinder


Message History

Sigmund gestures at you while chanting.
You are confused.
You bump into the rock wall.
Sigmund looks at you with fury.
You bump into the rock wall.
Sigmund casts a spell at you. The puff of flame misses you.
You bump into the rock wall.
Sigmund hits you from afar with a +0 scythe!
You bump into the rock wall.
Sigmund gestures at you while chanting. The magic dart hits you.
You bump into the rock wall.
You feel less confused.
Sigmund hits you from afar with a +0 scythe!
* * * LOW HITPOINT WARNING * * *
You feel better.
Sigmund points at you and mumbles some strange words.
You are confused.
You are too confused!
A red film seems to cover your vision as you go berserk!
You feel yourself moving faster!
You feel mighty!
You bump into the rock wall.
You feel a strong urge to attack something.
Sigmund hits you from afar with a +0 scythe.
You bump into the rock wall.
You bump into the rock wall.
You feel your anger nearly subside.
You are no longer berserk.
You are exhausted.
You feel yourself slow down. Sigmund closely misses you.
Sigmund casts a spell.
Sigmund flickers and vanishes!
Deactivating autopickup; reactivate with Ctrl-A.
You bump into the rock wall.
You feel less confused. Something hits you but does no damage.
Something hits you!
* * * LOW HITPOINT WARNING * * *
Something hits you!
You die...

###.## ##)(...##
###.##### #...# ##...##
#.......# #.### ##'##
#.#.###.# #.# #.# #.#.#
#.# #.# #.# #.#.###.# #.#
##.#### #.#.....# #.#
##.....###.####..# #.#
########.......##.# #..#
...
#.......@......##.####..#
..>
#.########.....##.......#
...... #.............##
.....## #.#############
..... #.# #### #.# #.#
#.# #.#


There were no monsters in sight!

Vanquished Creatures
  Robin (D:2)
  An adder (D:2)
  A gnoll (D:1)
  2 dart slugs
  3 orcs
  5 endoplasms
  A giant cockroach (D:2)
  11 goblins
  7 hobgoblins
  4 jackals (D:2)
  4 kobolds
  2 bats
  4 frilled lizards
  5 rats
51 creatures vanquished.

Notes
Turn   | Place    | Note
-------+----------+-------------------------------------------
     0 | D:1      | Armakuni the Human Conjurer began the quest for the Orb.
     0 | D:1      | Reached XP level 1. HP: 13/13 MP: 3/3
   153 | D:1      | Reached XP level 2. HP: 8/19 MP: 0/5
   437 | D:1      | Learned a level 2 spell: Searing Ray
   551 | D:1      | Identified a scroll of acquirement
   551 | D:1      | Acquired 1091 gold pieces
   582 | D:1      | Reached XP level 3. HP: 24/24 MP: 2/6
   751 | D:1      | Acquired a staff of earth
   893 | D:2      | Reached skill level 5 in Conjurations
   942 | D:2      | Noticed Terence
  1741 | D:2      | Noticed Sigmund
  1769 | D:2      | Reached XP level 4. HP: 30/30 MP: 2/7
  2214 | D:2      | Noticed Robin
  2470 | D:2      | Killed Robin
  2975 | D:3      | Noticed Grinder
  2975 | D:3      | Paralysed by Grinder for 7 turns
  3019 | D:3      | Paralysed by Grinder for 4 turns
  3226 | D:2      | HP: 1/30 [something (10)]
  3227 | D:2      | Mangled by Sigmund

Illustrated notes

Levels and vault maps discovered:
D:1:      dpeg_arrival_simpleton_c, layout_rooms
D:2:      layout_loops_corners, uniq_sigmund, uniq_terence, uniq_robin
D:3:      layout_rooms, uniq_grinder

Skill      XL: |  1  2  3 |
---------------+----------+-----
Conjurations   | 5 |  5.9
Dodging        | |  2.0
Stealth        | |  2.0
Spellcasting   | |  2.0

Action                   |  1- 3 |  4- 6 || total
-------------------------+-------+-------++-------
Melee: Rapier            |    10 |    14 ||    24
 Cast: Magic Dart        |    13 |       ||    13
       Searing Ray       |    17 |    18 ||    35
  Use: Scroll            |     3 |     1 ||     4
       Potion            |       |     2 ||     2
Armor: Robe              |     3 |     3 ||     6
       Animal skin       |       |     8 ||     8
Dodge: Dodged            |    15 |    27 ||    42

Table legend: (Time is in decaauts)
 A = Elapsed time spent in this place.
 B = Non-inter-level travel time spent in this place.
 C = Inter-level travel time spent in this place.
 D = Time resting spent in this place.
 E = Time spent auto-exploring this place.
 F = Levels seen in this place.
 G = Mean time per level.
                   A        B        C        D        E       F      G
               +--------+--------+--------+--------+--------+-----+--------+
         Total |   3238 |   3179 |     59 |   1242 |   1373 |   3 | 1079.3 |
       Dungeon |   3238 |   3179 |     59 |   1242 |   1373 |   3 | 1079.3 |
               +--------+--------+--------+--------+--------+-----+--------+

Top non-repeatable levels by time:
     D:2: 1789 daAuts
     D:1: 1401 daAuts
     D:3: 46 daAuts
